 Dungeon Crawl Stone Soup version 0.19-a0-28-g8794423 (webtiles) character file.

32 AlphabetPasta the Grasshopper (level 3, -2/21 HPs)
             Began as a Gargoyle Warper on May 1, 2016.
             Slain by Crazy Yiuf
             ... wielding a +4 quarterstaff of chaos
              (6 damage)
             ... on level 2 of the Dungeon.
             The game lasted 00:07:22 (1259 turns).

AlphabetPasta the Grasshopper (Gargoyle Warper)     Turns: 1259, Time: 00:07:23

Health: -2/21      AC:  6    Str: 16    XL:     3   Next: 27%
Magic:  7/7        EV: 11    Int: 14    God:
Gold:   64         SH:  0    Dex:  9    Spells: 3 memorised, 2 levels left

rFire  . . .     SeeInvis .     a - +0 mace
rCold  . . .     Gourm    +     b - +0 leather armour
rNeg   + . .     Faith    .     (no shield)
rPois  ∞         Spirit   .     (no helmet)
rElec  +         Dismiss  .     (no cloak)
rCorr  .         Reflect  .     (no gloves)
SustAt .         Harm     .     (no boots)
MR     .....                    g - amulet of the gourmand
Stlth  +.........               (no ring)
                                j - +2 ring of strength

@: not resistant to hostile enchantments, very unstealthy
A: negative energy resistance 1, electricity resistance, unbreathing,
petrification resistance, rot immunity, AC +3
a: no special abilities


You were on level 2 of the Dungeon.
You were completely stuffed.

You visited 1 branch of the dungeon, and saw 2 of its levels.

You collected 64 gold pieces.

Inventory:

Hand Weapons
 a - a +0 mace (weapon)
Missiles
 e - 5 tomahawks of dispersal (quivered)
 i - 35 stones
Armour
 b - a +0 leather armour (worn)
Jewellery
 g - an amulet of the gourmand (around neck)
 j - a +2 ring of strength (left hand)
Scrolls
 d - a scroll of blinking
 l - a scroll of remove curse {unknown}
 m - a scroll of enchant weapon {unknown}
 n - a scroll of identify {unknown}
 r - a scroll of amnesia {unknown}
Potions
 k - a potion of berserk rage {unknown}
 o - a potion of heal wounds {unknown}
 q - 2 potions of degeneration {unknown}
Books
 c - a book of Spatial Translocations

   Spells                             Type                      Level
   a - Apportation                    Translocation                1
   b - Blink                          Translocation                2
   c - Shroud of Golubria             Charms/Translocation         2
   d - Portal Projectile              Translocation                3
   e - Teleport Other                 Translocation                3
   f - Passage of Golubria            Translocation                4
Comestibles
 f - 3 bread rations
 h - a slice of pizza
 p - 6 chunks of flesh


   Skills:
 - Level 2.1 Fighting
 * Level 2.4 Maces & Flails
 - Level 0.8 Throwing
 - Level 1.1 Armour
 - Level 1.5 Dodging
 * Level 2.8 Spellcasting
 + Level 2.9 Translocations


You had 2 spell levels left.
You knew the following spells:

 Your Spells              Type           Power        Failure   Level  Hunger
a - Apportation           Tloc           ##........   10%         1    #......
b - Blink                 Tloc           N/A          14%         2    ###....
c - Shroud of Golubria    Chrm/Tloc      #.........   24%         2    ###....


Dungeon Overview and Level Annotations

Branches:
Dungeon (2/15)

Altars:
Gozag

Annotations:
D:2 Crazy Yiuf


Innate Abilities, Weirdness & Mutations

You are resistant to torment.
Your stone body is resilient (AC +3).
You are immune to poison.
You resist negative energy.
You are resistant to electric shocks.
You can survive without breathing.
You are immune to petrification.
You are immune to rotting.


Message History

You continue eating. x2
You open the door.
Crazy Yiuf the Enlightened comes into view.
He is wielding a quarterstaff of chaos.
Crazy Yiuf shouts!
Found a mace.
You hit Crazy Yiuf.
Crazy Yiuf is lightly wounded.
Crazy Yiuf hits you with a quarterstaff of chaos!
Ouch! That really hurt!
You hit Crazy Yiuf.
Crazy Yiuf is moderately wounded.
Crazy Yiuf hits you with a quarterstaff of chaos.
* * * LOW HITPOINT WARNING * * *
Crazy Yiuf freezes you.
* * * LOW HITPOINT WARNING * * *
You hit Crazy Yiuf but do no damage.
Crazy Yiuf is moderately wounded.
Crazy Yiuf yells, "Ice dark sing!"
Crazy Yiuf hits you with a quarterstaff of chaos.
You die...

##. ##+### ##...##
##### ##......
#)..# ##.......
#...# #........ ...
+........ #g#
#.....>.. ♣@♣♣
#....... ♣♣.♣
##.....# ♣.♣♣
##...## ♣♣.♣
#######'## ♣♣.♣♣
.......)### ♣♣...♣
######..... ♣...♣♣
#..... ##..##
#######...##
#....###..........#


You could see Crazy Yiuf.

Vanquished Creatures
  A giant gecko (D:2)
  5 bats
  3 goblins (D:1)
  3 hobgoblins
  8 jackals
  2 kobolds (D:1)
  A ball python (D:2)
  A giant newt (D:2)
  4 rats
28 creatures vanquished.

Notes
Turn   | Place    | Note
--------------------------------------------------------------
     0 | D:1      | AlphabetPasta the Gargoyle Warper began the quest for the Orb.
     0 | D:1      | Reached XP level 1. HP: 12/12 MP: 3/3
   469 | D:1      | Reached XP level 2. HP: 11/17 MP: 5/5
   494 | D:1      | Learned a level 2 spell: Blink
   497 | D:1      | Learned a level 2 spell: Shroud of Golubria
  1039 | D:2      | Reached XP level 3. HP: 21/21 MP: 7/7
  1143 | D:2      | Found an opulent altar of Gozag.
  1254 | D:2      | Noticed Crazy Yiuf
  1259 | D:2      | Slain by Crazy Yiuf

Vault maps used:
D:1:      lordsloth_arrival_two_stooges
D:2:      lemuel_round_altar, first_bread, uniq_crazy_yiuf_cottage

Action                   || total
-------------------------++-------
Melee: Mace              ||    92
  Eat: Chunk             ||    10
Armor: Leather armour    ||    42
Dodge: Dodged            ||    64
